 Dungeon Crawl Stone Soup version 0.28.0-43-g3370ac3207 (webtiles) character file.

Game seed: 16592151269282885404

51 Ablot the Grasshopper (level 3, -2/31 HPs)
             Began as a Gnoll Warper on Mar 12, 2022.
             Succumbed to an adder's poison
             ... on level 2 of the Dungeon.
             The game lasted 00:01:20 (1528 turns).

Ablot the Grasshopper (Gnoll Warper)                Turns: 1528, Time: 00:01:21

Health: -2/31      AC:  3    Str: 12    XL:     3   Next: 83%
Magic:  9/9        EV: 12    Int: 12    God:
Gold:   47         SH:  0    Dex: 11    Spells: 10/12 levels left

rFire   . . .      SeeInvis .   a - +0 spear
rCold   . . .      Faith    .   (no shield)
rNeg    . . .      Spirit   .   b - +0 leather armour
rPois   .          Reflect  .   (no helmet)
rElec   .          Harm     .   (no cloak)
rCorr   .          Rampage  .   (no gloves)
Will    .....                   (no boots)
Stlth   +.........              (no amulet)
HPRegen 0.10/turn               (no ring)
MPRegen 0.11/turn               (no ring)

@: lethally poisoned (-2 -> -19), hasted, very quick
A: fangs 1, strong nose, distributed training
a: no special abilities


You were on level 2 of the Dungeon.
You visited 1 branch of the dungeon, and saw 2 of its levels.

You collected 47 gold pieces.

Inventory:

Hand Weapons
 a - a +0 spear (weapon)
Missiles
 d - 5 boomerangs of dispersal (quivered)
 f - 43 stones
Armour
 b - a +0 leather armour (worn)
Scrolls
 c - a scroll of blinking
 e - a scroll of amnesia {unknown}
 g - 2 scrolls of identify {unknown}


   Skills:
 + Level 4.6 Fighting
 + Level 1.0 Short Blades
 + Level 1.0 Long Blades
 + Level 1.0 Axes
 + Level 1.0 Maces & Flails
 + Level 4.6 Polearms
 + Level 1.0 Staves
 + Level 1.0 Slings
 + Level 1.0 Bows
 + Level 1.0 Crossbows
 + Level 2.6 Throwing
 + Level 2.6 Armour
 + Level 4.6 Dodging
 + Level 1.0 Stealth
 + Level 1.0 Shields
 + Level 1.0 Unarmed Combat
 + Level 5.0 Spellcasting
 + Level 0.7 Conjurations
 + Level 0.7 Hexes
 + Level 0.7 Summonings
 + Level 0.7 Necromancy
 + Level 5.4 Translocations
 + Level 0.7 Transmutations
 + Level 0.7 Fire Magic
 + Level 0.7 Ice Magic
 + Level 0.7 Air Magic
 + Level 0.7 Earth Magic
 + Level 0.7 Poison Magic
 + Level 1.0 Invocations
 + Level 1.0 Evocations


You had 10 spell levels left.
You knew the following spells:

 Your Spells              Type           Power      Damage    Failure   Level
a - Blink                 Tloc           32%        N/A       4%          2

Your spell library contained the following spells:

 Spells                   Type           Power      Damage    Failure   Level
 Gell's Gravitas          Tloc           16%        N/A       9%          3
 Lesser Beckoning         Tloc           16%        N/A       9%          3
 Teleport Other           Tloc           16%        N/A       9%          3
 Manifold Assault         Tloc           16%        N/A       58%         5
 Fireball                 Conj/Fire      2%         3d4       99%         5
 Iskenderun's Battlesphe  Conj           4%         2d6       99%         5
 Conjure Ball Lightning   Conj/Air       2%         3x3d6     100%        6
 Orb of Destruction       Conj           2%         9d5       100%        7


Dungeon Overview and Level Annotations

Branches:
Dungeon (2/15)

Altars:


Innate Abilities, Weirdness & Mutations

You have very sharp teeth.
Your uncanny sense of smell can sniff out nearby items.
Your experience applies equally to all skills.


Message History

You feel sick. The adder closely misses you.
You barely miss the adder. Your bite misses the adder.
The adder is lightly wounded.
You feel sick. The adder bites you but does no damage.
You barely miss the adder.
The adder is lightly wounded.
You feel sick.
You are no longer poisoned.
The adder bites you.
You are poisoned.
The adder poisons you! The adder misses you.
You hit the adder but do no damage.
The adder is lightly wounded.
You feel sick. The adder bites you.
You are lethally poisoned!
The adder poisons you!
You closely miss the adder.
The adder is lightly wounded.
You feel sick. The adder closely misses you.
You barely miss the adder.
The adder is lightly wounded.
* * * LOW HITPOINT WARNING * * *
You feel sick. The adder closely misses you.
You hit the adder but do no damage. You bite the adder, but do no damage.
The adder is lightly wounded.
* * * LOW HITPOINT WARNING * * *
You feel sick. The adder bites you.
* * * LOW HITPOINT WARNING * * *
You are more poisoned.
The adder poisons you!
You hit the adder. You bite the adder.
The adder is heavily wounded.
* * * LOW HITPOINT WARNING * * *
You feel very sick. The adder bites you.
* * * LOW HITPOINT WARNING * * *
You are more poisoned.
The adder poisons you!
It was a potion of haste.
You feel yourself speed up.
You die...

....................##
.....................#
.....................#
>#######+####'####'#.#
.# #.....#.†#.# .#
∆#.....#..#.# .#
#.....####.# .#
#.....#..#.# .####
+.....@..#.# .....
#+###S####.# ..... #..
##.# ##### +.. #..#
######### ### ##.##
........##########..#
...................##
........############
........#


You could see an adder.

Vanquished Creatures
  2 adders (D:2)
  A worm (D:2)
  2 dart slugs (D:1)
  An endoplasm (D:1)
  A giant cockroach (D:2)
  A hobgoblin (D:2)
  2 kobolds (D:1)
  A quokka (D:1)
  9 ball pythons
  2 bats (D:1)
  2 frilled lizards (D:1)
  2 goblins (D:1)
  3 rats
29 creatures vanquished.

Notes
Turn   | Place    | Note
-------+----------+-------------------------------------------
     0 | D:1      | Ablot the Gnoll Warper began the quest for the Orb.
     0 | D:1      | Reached XP level 1. HP: 20/20 MP: 6/6
   304 | D:1      | Found a faded altar of an unknown god.
   343 | D:1      | Reached XP level 2. HP: 18/26 MP: 7/7
   347 | D:1      | Learned a level 2 spell: Blink
  1128 | D:2      | Reached XP level 3. HP: 28/31 MP: 9/9
  1137 | D:2      | Reached skill level 5 in Spellcasting
  1479 | D:2      | Reached skill level 1 in Invocations
  1507 | D:2      | Reached skill level 1 in Short Blades
  1507 | D:2      | Reached skill level 1 in Long Blades
  1507 | D:2      | Reached skill level 1 in Axes
  1507 | D:2      | Reached skill level 1 in Maces & Flails
  1507 | D:2      | Reached skill level 1 in Staves
  1507 | D:2      | Reached skill level 1 in Slings
  1507 | D:2      | Reached skill level 1 in Bows
  1507 | D:2      | Reached skill level 1 in Crossbows
  1507 | D:2      | Reached skill level 1 in Stealth
  1507 | D:2      | Reached skill level 1 in Shields
  1507 | D:2      | Reached skill level 1 in Unarmed Combat
  1507 | D:2      | Reached skill level 1 in Evocations
  1528 | D:2      | Succumbed to an adder's poison

Illustrated notes

Levels and vault maps discovered:
D:1:      wander_arrival_fairy_ring, layout_basic,
          shapermc_ecumenical_altar_flowoftime
D:2:      minmay_recursive_quarters, layout_rooms, minmay_snake_closets

Skill      XL: |  1  2  3 |
---------------+----------+-----
Spellcasting   | 5 |  5.0
Invocations    | 1 |  1.0
Short Blades   | 1 |  1.0
Long Blades    | 1 |  1.0
Axes           | 1 |  1.0
Maces & Flails | 1 |  1.0
Staves         | 1 |  1.0
Slings         | 1 |  1.0
Bows           | 1 |  1.0
Crossbows      | 1 |  1.0
Stealth        | 1 |  1.0
Shields        | 1 |  1.0
Unarmed Combat | 1 |  1.0
Evocations     | 1 |  1.0
Fighting       | |  4.6
Polearms       | |  4.6
Throwing       | |  2.6
Armour         | |  2.6
Dodging        | |  4.6
Conjurations   | |  0.7
Hexes          | |  0.7
Summonings     | |  0.7
Necromancy     | |  0.7
Translocations | |  5.4
Transmutations | |  0.7
Fire Magic     | |  0.7
Ice Magic      | |  0.7
Air Magic      | |  0.7
Earth Magic    | |  0.7
Poison Magic   | |  0.7

Action                   || total
-------------------------++-------
Melee: Spear             ||   117
       Bite              ||    12
       Punch             ||     1
  Use: Potion            ||     1
 Stab: Sleeping          ||     4
Armor: Leather armour    ||    28
Dodge: Dodged            ||    45
